Map: Black Site 2E

Players

MattBarry

  • Race: Terran Terran
  • Spawn Location: 3:00

Alebay

  • Race: Protoss Protoss
  • Spawn Location: 6:00

MattBarry

  • Race: Zerg Zerg
  • Spawn Location: 5:00

YEYBLACK

  • Race: Protoss Protoss
  • Spawn Location: 11:00

AnUnAkI

  • Race: Terran Terran
  • Spawn Location: 12:00

SAVAGEDEAD

  • Race: Terran Terran
  • League: Gold
  • Spawn Location: 9:00

VOD

Have the link to the VOD?

Description

Time

  • Played on: Dec. 25, 2022, 10:39 p.m.
  • Length: 14:04
Show
View Real Time Build Order
Export as new Build Order

MattBarry Terran 

Build Orders:  

Get SALT Encoding   

  12  0:00  SCV  
  13  0:12  SCV  
  14  0:18  Supply Depot  
  14  0:24  SCV  
  15  0:39  SCV  
  16  0:43  Barracks  
  16  0:46  Refinery  
  16  0:52  SCV  
  17  1:04  SCV  
  18  1:16  SCV  
  19  1:31  Marine  
  21  1:33  Orbital Command  
  20  1:49  Marine  
  20  1:52  Command Center  
  21  1:57  Supply Depot  
  21  1:59  SCV  
  22  2:07  Barracks Reactor  
  22  2:11  SCV  
  23  2:20  Factory  
  23  2:23  SCV, Refinery  
  24  2:35  SCV  
  25  2:48  SCV  
  25  2:51  Marine x2  
  28  2:56  Supply Depot  
  28  3:00  SCV  
  28  3:04  Widow Mine  
  31  3:07  Orbital Command  
  31  3:13  SCV  
  32  3:22  Barracks Tech Lab  
  32  3:25  SCV  
  33  3:36  Starport  
  33  3:43  Hellion x2  
  33  3:44  Factory, SCV x2  
  39  3:49  Supply Depot  
  39  3:57  SCV x2  
  41  4:06  Hellion x2  
  41  4:09  SCV x2  
  47  4:11  Supply Depot  
  47  4:15  Starport Reactor  
  47  4:16  Armory  
  47  4:21  SCV x2  
  49  4:25  Supply Depot  
  49  4:28  Engineering Bay  
  49  4:33  Widow Mine x2, SCV x2  
  55  4:45  SCV  
  55  4:46  SCV  
  55  4:49  Supply Depot  
  55  4:51  Liberator x2  
  63  4:56  Refinery  
  63  4:58  SCV, Refinery  
  65  5:00  SCV  
  65  5:15  SCV x2  
  65  5:17  Hellion x2  
  69  5:33  SCV  
  69  5:34  SCV  
  65  5:37  Missile Turret  
  65  5:40  Liberator x2  
  65  5:42  Hellion x3  
  77  5:51  Supply Depot x2  
  77  5:54  Terran Vehicle Weapons Level 1  
  77  6:00  SCV x2  
  79  6:10  Hellion x3  
  85  6:12  SCV  
  85  6:13  SCV  
  85  6:17  Infernal Pre-Igniter  
  87  6:23  Liberator  
  90  6:29  SCV x2  
  90  6:31  Hellion  
  90  6:32  Hellion x2  
  94  6:59  SCV x2  
  92  7:08  Viking x2  
  94  7:14  Starport  
  94  7:19  SCV x2  
  96  7:31  Armory, SCV x2  
  96  7:34  Command Center  
  93  7:56  SCV x2  
  95  8:07  Viking  
  95  8:08  Missile Turret, Viking, SCV x2  
  101  8:14  Missile Turret  
  101  8:20  SCV  
  102  8:31  Supply Depot  
  102  8:42  Supply Depot  
  102  8:43  Starport Reactor  
  102  8:45  Supply Depot  
  102  8:46  Viking x2, SCV x2, Hellion x3  
  114  8:49  Supply Depot  
  112  8:56  Supply Depot  
  112  8:57  Supply Depot  
  112  8:58  Supply Depot, SCV x2  
  108  9:10  SCV  
  108  9:12  Hellion x3  
  108  9:16  Viking x2  
  119  9:19  Viking x2  
  119  9:21  Terran Vehicle Weapons Level 2, Terran Vehicle And Ship Armor Level 1  
  96  9:46  Viking x2  
  96  9:49  Viking x2  
  95  10:17  Viking x2  
  95  10:19  Viking x2  
  103  10:30  Hellion  
  103  10:31  Hellion x2  
  103  10:34  SCV x2  
  111  10:46  SCV x2  
  111  10:47  Viking x2  
  113  10:52  Hellion  
  113  10:58  SCV  
  112  11:17  Viking x4  
  106  11:21  Hellion x3  
  94  11:39  Command Center  
  94  11:43  Hellion  
  96  11:47  Viking x4  
  106  11:54  Hellion x2  
  48  12:18  Hellion x2  
  39  12:28  Hellion  
  31  12:40  Hellion  
Show
View Real Time Build Order
Export as new Build Order

Alebay Protoss 

Build Orders:  

Get SALT Encoding   

  12  0:01  Probe  
  13  0:13  Probe  
  14  0:24  Pylon  
  14  0:26  Probe  
  15  0:38  Assimilator  
  15  0:42  Probe  
  16  0:54  Probe  
  17  1:06  Probe  
  18  1:20  Pylon  
  18  1:33  Probe  
  19  1:41  Gateway  
  19  1:45  Probe  
  20  1:47  Pylon  
  20  1:57  Probe  
  20  2:01  Assimilator  
  21  2:10  Probe  
  21  2:13  Forge  
  22  2:22  Probe  
  23  2:34  Probe, Nexus  
  23  2:37  Assimilator  
  24  2:46  Probe  
  24  2:49  Photon Cannon  
  25  3:26  Cybernetics Core  
  25  3:37  Photon Cannon  
  25  4:00  Probe  
  27  4:02  Probe  
  27  4:04  Protoss Ground Weapons Level 1  
  27  4:12  Probe  
  27  4:13  Stalker  
  27  4:15  Probe  
  32  4:24  Probe  
  32  4:27  Probe  
  33  4:35  Warp Gate  
  33  4:36  Probe  
  34  4:39  Probe  
  34  4:43  Stalker  
  37  4:46  Assimilator  
  37  4:48  Probe  
  37  4:51  Probe  
  39  5:00  Probe  
  39  5:03  Probe  
  41  5:12  Probe  
  41  5:13  Stalker  
  44  5:15  Probe  
  45  5:24  Probe  
  45  5:27  Probe  
  47  5:36  Probe  
  48  5:43  Stalker  
  48  5:49  Probe  
  51  5:53  Probe  
  52  6:07  Nexus  
  52  6:13  Stalker, Protoss Ground Armor Level 1  
  52  6:16  Pylon  
  54  6:21  Pylon  
  54  6:39  Protoss Air Weapons Level 1  
  54  6:43  Stalker  
  35  6:59  Photon Cannon  
  35  7:01  Photon Cannon  
  34  7:13  Stalker  
  36  7:32  Nexus  
  36  7:50  Probe  
  37  7:52  Probe  
  38  8:02  Probe  
  38  8:05  Probe  
  40  8:06  Stalker  
  42  8:14  Probe  
  42  8:17  Probe  
  44  8:26  Probe  
  45  8:29  Probe  
  46  8:38  Probe  
  46  8:41  Probe  
  48  8:48  Protoss Air Armor Level 1  
  48  8:50  Probe  
  49  9:00  Pylon  
  49  9:02  Probe  
  49  9:03  Pylon  
  49  9:08  Stalker  
  52  9:15  Probe  
  51  9:22  Twilight Council  
  51  9:25  Stargate  
  51  9:27  Probe  
  51  9:28  Robotics Facility  
  46  9:39  Probe  
  47  9:45  Stalker  
  45  10:21  Gateway  
  45  10:24  Gateway  
  45  10:26  Gateway  
  45  10:30  Stalker  
  45  10:34  Probe  
  48  10:37  Probe  
  49  10:46  Probe  
  49  10:49  Probe  
  55  10:52  Pylon, Void Ray  
  55  10:55  Pylon  
  55  10:57  Pylon  
  55  10:58  Probe  
  55  11:01  Pylon  
  55  11:02  Probe  
  57  11:08  Stalker  
  57  11:10  Probe  
  60  11:14  Probe  
  61  11:22  Probe  
  62  11:26  Probe  
  62  11:27  Stalker x2  
  62  11:28  Stalker  
  73  11:34  Probe  
  73  11:35  Void Ray  
  74  11:44  Stalker  
  80  12:18  Void Ray  
  80  12:19  Stalker  
  80  12:20  Stalker x3  
  68  12:47  Stalker x2  
  68  12:48  Stalker x2  
  68  13:01  Void Ray  
  66  13:13  Stalker x3  
  66  13:14  Stalker  
  66  13:19  Stalker x3  
  60  13:54  Stalker x3  
Show
View Real Time Build Order
Export as new Build Order

MattBarry Zerg 

Build Orders: Hatch First 

Get SALT Encoding   

  12  0:00  Drone  
  13  0:12  Overlord  
  13  0:18  Drone  
  14  0:30  Drone  
  14  0:31  Drone  
  16  0:53  Hatchery  
  15  0:57  Drone  
  15  0:58  Drone  
  17  1:24  Spawning Pool  
  16  1:31  Drone  
  16  1:32  Drone x2  
  19  1:55  Extractor  
  19  1:57  Drone  
  19  1:58  Drone, Extractor  
  19  2:10  Hatchery  
  18  2:36  Queen  
  18  2:42  Hatchery  
  19  2:46  Zergling x4  
  19  2:49  Drone  
  19  2:50  Drone x3  
  25  2:57  Metabolic Boost  
  25  3:01  Drone  
  25  3:02  Drone  
  27  3:13  Overlord  
  27  3:35  Queen  
  27  3:38  Queen  
  31  3:51  Evolution Chamber  
  31  3:54  Evolution Chamber  
  29  3:56  Queen  
  31  4:08  Overlord  
  29  4:16  Drone x5  
  29  4:17  Drone  
  35  4:32  Queen  
  37  5:00  Drone  
  37  5:01  Drone x5, Overlord  
  37  5:03  Drone  
  37  5:05  Lair  
  44  5:16  Spore Crawler  
  44  5:20  Spore Crawler  
  42  5:22  Spore Crawler  
  42  5:25  Spore Crawler  
  40  5:29  Spore Crawler  
  40  5:30  Drone  
  40  5:31  Drone x4  
  40  5:32  Drone  
  45  5:48  Drone  
  46  5:55  Zerg Missile Weapons Level 1  
  46  5:57  Zerg Ground Armor Level 1  
  46  6:03  Roach Warren  
  45  6:09  Drone x3  
  45  6:10  Drone x6  
  45  6:11  Drone  
  55  6:49  Zergling x2  
  55  6:51  Overlord  
  55  6:52  Overlord x3  
  56  7:11  Drone  
  56  7:12  Drone x3  
  60  7:36  Hydralisk Den  
  59  7:43  Hydralisk Den  
  58  7:44  Drone x3  
  58  7:45  Overlord  
  58  7:46  Drone x2  
  63  7:54  Roach x3  
  63  7:55  Roach x9  
  63  7:56  Overlord x5  
  87  8:02  Extractor  
  86  8:33  Extractor  
  85  8:37  Spine Crawler  
  85  8:41  Spine Crawler  
  82  9:04  Hydralisk x11  
  82  9:05  Hydralisk x6  
  102  9:31  Hydralisk x4  
  100  9:32  Hydralisk x3  
  106  9:56  Zerg Missile Weapons Level 2  
  82  10:01  Overlord  
  82  10:10  Extractor  
  81  10:33  Extractor  
  81  10:35  Queen  
  82  10:48  Hydralisk x2  
  82  10:49  Hydralisk x2  
  88  10:50  Hydralisk x5  
  92  11:07  Zergling x2  
  92  11:08  Zergling x48  
  92  11:09  Zergling x4  
  92  11:10  Queen  
  113  11:15  Glial Reconstitution  
  113  11:17  Grooved Spines  
  113  11:18  Muscular Augments  
  74  11:59  Spire  
  73  12:01  Hydralisk  
  73  12:02  Hydralisk x4  
  73  12:03  Hydralisk  
  73  12:06  Overlord x3  
  76  12:22  Hydralisk x2  
  75  12:23  Hydralisk x2  
  83  12:31  Roach x2  
  83  12:32  Roach x4  
  83  12:34  Zergling x16  
  100  12:54  Hydralisk, Roach  
  100  12:55  Hydralisk x5  
  96  13:17  Corruptor, Overlord  
  96  13:18  Corruptor x2  
Show
View Real Time Build Order
Export as new Build Order

YEYBLACK Protoss 

Build Orders: Carriers 

Get SALT Encoding   

  12  0:01  Probe (Chrono Boost)  
  13  0:10  Probe (Chrono Boost)  
  14  0:15  Probe  
  15  0:24  Pylon  
  15  0:36  Assimilator  
  15  0:40  Assimilator  
  15  0:42  Probe  
  16  0:54  Probe  
  16  0:56  Gateway  
  17  1:06  Probe  
  17  1:10  Pylon  
  18  1:19  Probe  
  19  1:26  Gateway  
  19  1:31  Probe (Chrono Boost)  
  20  1:43  Probe (Chrono Boost)  
  21  1:48  Cybernetics Core, Probe (Chrono Boost)  
  22  1:58  Probe  
  23  2:13  Pylon  
  23  2:16  Zealot  
  23  2:17  Zealot  
  27  2:25  Pylon  
  27  2:31  Probe  
  28  2:43  Probe  
  29  2:47  Stalker  
  29  2:48  Stalker  
  33  2:56  Probe (Chrono Boost)  
  34  3:05  Stargate  
  34  3:08  Probe (Chrono Boost)  
  35  3:15  Probe (Chrono Boost)  
  36  3:22  Pylon, Probe  
  37  3:34  Probe  
  37  3:40  Sentry x2  
  42  3:49  Forge  
  42  4:04  Nexus  
  42  4:20  Probe (Chrono Boost)  
  44  4:32  Probe (Chrono Boost)  
  44  4:38  Probe (Chrono Boost)  
  44  4:44  Fleet Beacon  
  45  4:46  Probe  
  45  4:50  Pylon  
  46  4:58  Probe  
  47  5:06  Photon Cannon  
  47  5:10  Probe  
  48  5:14  Photon Cannon  
  48  5:22  Probe  
  49  5:34  Probe  
  50  5:44  Photon Cannon  
  50  5:45  Carrier  
  50  5:47  Probe  
  57  5:54  Nexus  
  57  6:00  Assimilator  
  57  6:05  Assimilator  
  57  6:06  Probe x2  
  59  6:18  Probe x2  
  61  6:20  Stargate  
  61  6:26  Cybernetics Core  
  61  6:30  Probe x2  
  63  6:42  Probe  
  57  6:59  Carrier  
  55  7:01  Probe x2  
  55  7:05  Carrier  
  55  7:06  Protoss Air Weapons Level 1  
  55  7:07  Protoss Air Armor Level 1  
  63  7:10  Protoss Shields Level 1 (Chrono Boost)  
  63  7:13  Probe x2  
  71  7:18  Assimilator  
  71  7:22  Assimilator  
  71  7:25  Probe  
  71  7:27  Stargate  
  72  8:02  Carrier  
  78  8:06  Probe  
  78  8:09  Carrier, Probe x2  
  87  8:18  Probe  
  88  8:21  Probe x2  
  90  8:30  Probe  
  90  8:33  Probe x2  
  93  8:41  Pylon x2  
  93  8:43  Pylon  
  93  8:59  Carrier, Probe  
  100  9:10  Twilight Council  
  100  9:12  Protoss Air Weapons Level 2, Protoss Air Armor Level 2  
  78  10:05  Tempest x3 (Chrono Boost)  
  87  10:22  Protoss Shields Level 2 (Chrono Boost)  
  87  10:34  Nexus  
  87  10:37  Pylon  
  87  10:39  Pylon  
  87  10:41  Pylon, Tempest x3  
  90  11:21  Stargate x2  
  90  11:24  Stargate  
  90  11:29  Assimilator  
  90  11:33  Assimilator  
  90  11:41  Robotics Facility  
  88  12:35  Carrier x4 (Chrono Boost)  
  88  12:36  Carrier (Chrono Boost)  
Show
View Real Time Build Order
Export as new Build Order

AnUnAkI Terran 

Build Orders:  

Get SALT Encoding   

  12  0:01  SCV  
  13  0:13  SCV  
  14  0:25  SCV  
  15  0:36  Supply Depot  
  15  0:47  Refinery  
  15  0:49  Refinery  
  15  0:58  SCV  
  15  1:01  Supply Depot  
  16  1:13  SCV  
  17  1:25  SCV  
  17  1:31  Barracks  
  18  1:38  SCV  
  19  1:50  SCV  
  20  2:02  SCV  
  21  2:14  SCV  
  22  2:25  Factory  
  22  2:26  SCV  
  23  2:31  Barracks Tech Lab  
  23  2:38  SCV  
  23  2:44  Command Center  
  24  2:50  SCV  
  25  3:02  SCV  
  26  3:19  Starport  
  27  3:25  Orbital Command  
  27  3:26  Barracks Tech Lab  
  26  3:35  Cyclone  
  29  3:59  Refinery  
  29  4:04  SCV  
  29  4:07  SCV  
  31  4:11  Barracks Tech Lab  
  31  4:16  SCV  
  32  4:19  SCV  
  32  4:20  Banshee  
  32  4:23  Cloaking Field  
  36  4:28  SCV  
  38  4:31  SCV  
  38  4:33  Refinery  
  38  4:39  Engineering Bay  
  38  4:40  SCV  
  38  4:41  Bunker  
  38  4:43  SCV  
  40  4:50  Cyclone  
  43  4:52  SCV  
  43  4:53  Mag-Field Accelerator  
  43  4:55  SCV  
  44  5:05  SCV  
  45  5:07  SCV  
  46  5:16  Supply Depot  
  46  5:20  Supply Depot  
  46  5:21  Supply Depot  
  46  5:27  Banshee  
  44  5:34  SCV x2  
  45  5:46  SCV  
  45  5:47  SCV  
  47  5:57  Cyclone  
  47  5:58  Armory, SCV  
  47  5:59  SCV  
  52  6:10  Banshee  
  52  6:11  SCV x2  
  57  6:23  SCV x2  
  59  6:37  Orbital Command  
  59  6:38  SCV  
  60  6:41  Cyclone  
  60  6:45  Armory  
  63  6:50  SCV  
  63  6:53  Banshee  
  67  7:02  SCV  
  67  7:05  Supply Depot  
  67  7:06  Supply Depot, Terran Ship Weapons Level 1  
  67  7:08  Starport  
  68  7:21  Cyclone  
  71  7:44  Starport  
  62  7:59  Starport Reactor  
  62  8:02  Smart Servos  
  62  8:21  Starport Reactor  
  62  8:30  Starport Reactor  
  62  8:36  Terran Vehicle And Ship Armor Level 1  
  62  8:39  SCV x2  
  64  8:51  SCV x2  
  66  8:57  Viking x4  
  74  9:03  SCV x2  
  74  9:04  Command Center  
  73  9:15  SCV  
  74  9:27  Viking x4  
  79  9:44  Viking  
  79  9:45  Viking  
  77  9:57  Viking x4  
  82  10:04  SCV x2  
  84  10:14  Viking  
  84  10:15  Viking  
  84  10:16  SCV x2  
  90  10:27  Viking x4  
  90  10:28  SCV x2  
  95  10:38  Missile Turret  
  95  10:44  Viking  
  95  10:45  Viking  
  95  10:46  Supply Depot  
  99  10:57  Viking x4  
  99  10:58  SCV x3  
  99  10:59  Missile Turret  
  110  11:10  SCV  
  111  11:14  Viking x2  
  115  11:21  Missile Turret  
  113  11:27  Viking x2  
  115  11:37  Viking x2  
  119  11:43  Orbital Command, Refinery  
  119  11:44  Viking x2  
  123  11:52  Command Center  
  123  11:57  Viking x2  
  117  12:07  Viking x2  
  121  12:14  Viking  
  109  12:31  Viking x3  
  109  12:36  SCV x3  
  118  12:37  Viking x2  
  122  12:44  Viking  
  122  12:48  SCV x2  
  126  13:00  Viking  
  126  13:01  Viking x2  
  132  13:07  Viking x2  
  118  13:26  Viking  
  120  13:30  Viking  
  120  13:31  Viking x2  
  122  13:38  Orbital Command, Refinery  
  122  13:39  Refinery  
Show
View Real Time Build Order
Export as new Build Order

SAVAGEDEAD Terran 

Build Orders:  

Get SALT Encoding   

  12  0:00  SCV  
  13  0:12  SCV  
  14  0:22  Supply Depot  
  14  0:24  SCV  
  15  0:38  Refinery  
  15  0:44  SCV  
  15  0:47  Barracks  
  16  0:56  SCV  
  17  1:08  SCV, Refinery  
  18  1:20  SCV  
  19  1:35  Barracks  
  19  1:41  Barracks  
  19  1:42  Reaper  
  19  1:45  SCV  
  21  1:57  SCV  
  22  2:09  SCV  
  22  2:14  Factory  
  23  2:24  Barracks Tech Lab  
  23  2:30  Supply Depot  
  23  2:31  Barracks Reactor  
  23  2:32  Supply Depot  
  23  2:33  Barracks Reactor  
  23  2:46  Barracks, SCV  
  23  2:51  Stimpack  
  23  2:58  SCV  
  24  3:04  Factory Tech Lab  
  24  3:08  Marine  
  24  3:09  Marine  
  26  3:18  Orbital Command  
  26  3:28  Siege Tank  
  29  3:35  Barracks Reactor  
  29  3:50  Starport  
  29  3:55  Supply Depot, Marine x2  
  30  3:57  Marine  
  30  4:01  Marine  
  33  4:12  Siege Tank  
  36  4:26  Starport Reactor  
  38  4:43  Command Center  
  36  4:47  Marine  
  36  4:48  Marine  
  38  4:54  SCV  
  38  4:55  Marine  
  40  5:04  Marine x2  
  43  5:12  Medivac x2  
  46  5:16  Marine  
  47  5:24  Marine  
  47  5:25  Marine  
  49  5:29  Marine x2  
  49  5:30  Marine x2  
  53  5:39  Supply Depot  
  53  5:40  SCV  
  54  5:58  SCV x2  
  56  6:07  Liberator  
  56  6:10  SCV x2  
  61  6:19  Factory  
  61  6:22  SCV x2  
  61  6:24  Marine x2, Combat Shield  
  65  6:34  SCV x2  
  67  7:07  Marine x2  
  69  7:20  Marine x2  
  69  7:21  SCV x2  
  73  7:33  SCV x2  
  75  7:43  Medivac x2  
  69  7:45  SCV  
  69  7:47  Factory Tech Lab  
  70  7:52  Engineering Bay  
  70  7:53  Engineering Bay  
  70  8:00  Factory  
  70  8:27  Marine  
  69  8:28  SCV  
  69  8:30  Refinery  
  69  8:31  Refinery  
  61  8:42  Marine  
  61  8:43  Marine x5  
  61  8:44  Marine  
  61  8:45  Command Center, Siege Tank  
  61  8:46  Factory Tech Lab  
  61  8:47  Siege Tank  
  71  9:06  Marine x2  
  74  9:17  Siege Tank  
  74  9:19  Marine x2, Siege Tank  
  78  9:24  Marine  
  78  9:51  Marine  
  78  9:53  Marine x2  
  78  9:55  Marine x4  
  78  9:57  Siege Tank x2  
  77  10:09  Marine, Cyclone  
  77  10:11  Marine x2  
  77  10:12  Marine x3  
  77  10:13  Marine  
  87  10:14  SCV x3  
  87  10:18  Supply Depot  
  87  10:21  Terran Infantry Weapons Level 1  
  90  10:23  Engineering Bay  
  90  10:26  Marine, SCV x3  
  94  10:29  Marine x2  
  94  10:30  Marine x2  
  101  10:35  Supply Depot  
  101  10:39  Marine x2  
  101  10:40  SCV x2  
  101  10:41  Supply Depot  
  105  10:43  Supply Depot  
  105  10:52  Marine x4  
  105  10:55  Marine  
  107  10:58  Supply Depot  
  107  11:00  Supply Depot  
  90  11:04  Supply Depot, Marine x2  
  74  11:20  Marine x2  
  74  11:21  Marine x3  
  74  11:22  Supply Depot, Marine x2  
  74  11:23  Siege Tank  
  83  11:28  Supply Depot  
  83  11:38  Marine x4  
  83  11:39  Marine  
  88  11:40  Marine x2  
  82  11:50  Infernal Pre-Igniter  
  82  11:51  Supply Depot  
  82  11:53  Terran Infantry Armor Level 1  
  75  11:55  SCV  
  75  11:56  Marine x5  
  75  11:58  Marine x2  
  75  12:00  Refinery  
  83  12:02  Refinery  
  83  12:05  SCV  
  83  12:08  Siege Tank  
  87  12:10  Orbital Command  
  87  12:13  SCV  
  87  12:14  Marine x3  
  86  12:24  Orbital Command  
  79  12:43  Marine x5  
  79  12:44  Marine  
  75  12:45  Marine, Siege Tank x3  
  81  12:53  Medivac x2  
  84  12:58  SCV x2  
  84  13:00  Marine  
  84  13:01  Marine x2  
  84  13:05  Marine x3  
  91  13:06  Marine  
  93  13:18  Marine x2  
  82  13:35  Marine x2  
  82  13:36  Marine x2  
  82  13:38  Marine x2  
  82  13:39  Marine  
  89  13:47  Armory  
  98  13:50  Armory  
Tags
 
Add a new tag
Caveats
  • Supply blocks, unpowered buildings, or Contaminate may cause inaccurate times.
  • Supply counts are checked every 10 seconds.